 Dungeon Crawl Stone Soup version 0.27-a0-1312-g5cdb2b3542 (webtiles) character file.

Game seed: 8777436615043763331

21 freelancePsychic the Sneak (level 2, 0/16 HPs)
             Began as a Vine Stalker Delver on June 20, 2021.
             Slain by a gnoll (2 damage)
             ... on level 3 of the Dungeon.
             The game lasted 00:05:02 (1594 turns).

freelancePsychic the Sneak (Vine Stalker Delver)    Turns: 1594, Time: 00:05:03

Health: 0/16       AC: 10    Str: 17    XL:     2   Next: 83%
Magic:  0/3        EV:  7    Int: 10    God:
Gold:   23         SH:  0    Dex: 15    Spells: 1/1 levels left

rFire    . . .     SeeInvis .   a - +0 short sword
rCold    . . .     Faith    .   (no shield)
rNeg     . . .     Spirit   +   h - +0 chain mail
rPois    .         Reflect  .   (no helmet)
rElec    .         Harm     .   (no cloak)
rCorr    .         Rampage  .   d - +1 pair of gloves {Str+3}
Will     .....                  (no boots)
Stlth    ..........             (no amulet)
HPRegen  0.05/turn              (no ring)
MPRegen  0.08/turn              (no ring)

@: no status effects
A: fangs 2, magic shield, antimagic bite, no potion heal 2
a: no special abilities


You were on level 3 of the Dungeon.
You visited 1 branch of the dungeon, and saw 3 of its levels.

You collected 23 gold pieces.

Inventory:

Hand Weapons
 a - a +0 short sword (weapon)
Armour
 d - a +1 pair of gloves of strength (worn)
 h - a +0 chain mail (worn)
Wands
 g - a wand of digging (3)
Scrolls
 c - a scroll of fog


   Skills:
 + Level 2.9 Fighting
 * Level 2.4 Short Blades
 + Level 0.2 Armour
 - Level 1.5 Dodging
 - Level 6.2 Stealth


You had one spell level left.
You didn't know any spells.
Your spell library was empty.

Dungeon Overview and Level Annotations

Branches:
Dungeon (5/15)             Temple (0/1) D:5

Altars:
Nemelex Xobeh

Shops:
D:5 *

Annotations:
D:3 Grinder
D:5 1 transporter


Innate Abilities, Weirdness & Mutations

You have extremely sharp teeth.
When hurt, damage is shared between your health and your magic reserves.
Your bite disrupts and absorbs the magic of your enemies.
Potions cannot restore your health.


Message History

You see here a +0 short sword.
The gnoll shouts!
You hit the gnoll but do no damage. The gnoll closely misses you.
The gnoll hits you with a +0 spear.
You completely miss the gnoll. You bite the gnoll. You drain its power.
The gnoll is lightly wounded.
The gnoll hits you from afar with a +0 spear.
The gnoll hits you with a +0 spear.
You are too injured to fight recklessly!
You are too injured to fight recklessly!
You are too injured to fight recklessly!
You are too injured to fight recklessly!
You are too injured to fight recklessly!
You are too injured to fight recklessly!
You are too injured to fight recklessly!
You are too injured to fight recklessly!
You are too injured to fight recklessly!
You are too injured to fight recklessly!
You are too injured to fight recklessly!
You are too injured to fight recklessly!
You are too injured to fight recklessly!
You are too injured to fight recklessly!
You are too injured to fight recklessly!
You are too injured to fight recklessly!
The gnoll is no longer unusually resistant.
The gnoll closely misses you.
You see here 26 stones.
You see here a +0 leather armour.
It was a potion of heal wounds.
That seemed strangely inert.
The gnoll hits you from afar with a +0 spear.
The gnoll shouts!
You hear a shout!
A gnoll comes into view. It is wielding a +0 whip.
The gnoll shouts!
You hear a shout!
A gnoll comes into view. It is wielding a +0 club.
The gnoll hits you but does no damage. The gnoll hits you with a +0 flail!
* * * LOW HITPOINT WARNING * * *
Okay, then.
The gnoll hits you with a +0 flail.
You die...

#r#.#.#....≈g$..##.....
#.#.#..........# #####
#.#.#.........# .#
#.#..........# #.#
#..........##
#.#+..........#
#.#..........#
#...........# #...#
##......@####
....######(....g.#####
....J...#............#
........#....g.......#
........#............#
......g.#............#
......g.#..g.........#
........#.g..........#
##..........>........#


You could see 4 gnolls.

Vanquished Creatures
  3 orcs
  4 endoplasms
  A giant cockroach (D:4)
  2 hobgoblins (D:4)
  3 jackals (D:4)
  A kobold (D:4)
14 creatures vanquished.

Notes
Turn   | Place    | Note
-------+----------+-------------------------------------------
     0 | D:5      | freelancePsychic the Vine Stalker Delver began the quest
                  | for the Orb.
     0 | D:5      | Reached XP level 1. HP: 11/11 MP: 2/2
     4 | D:5      | Found a transporter.
     4 | D:5      | Found a sparkling altar of Nemelex Xobeh.
    25 | D:5      | Found Neysob's General Store.
    31 | D:5      | Noticed a water moccasin
    48 | D:5      | Noticed a quasit
   622 | D:4      | Reached XP level 2. HP: 8/16 MP: 3/3
   850 | D:3      | Noticed Grinder
  1043 | D:4      | Noticed an ogre
  1072 | D:3      | Found a faded altar of an unknown god.
  1366 | D:3      | Identified a scroll of acquirement
  1379 | D:3      | Acquired a +1 pair of gloves of strength
  1594 | D:3      | Slain by a gnoll

Illustrated notes

Levels and vault maps discovered:
D:3:      layout_basic, general_overflow_altar,
          hellmonk_ecumenical_altar_pennies_from_heaven, uniq_terence,
          uniq_grinder
D:4:      layout_basic, kennysheep_generic_room_13
D:5:      old_forge, layout_loops_corners, lemuel_doored_altar, temple_statues,
          serial_shops, nicolae_shop_temple_entry_statues_fountains,
          nicolae_shop_trees, shop, nicolae_shop_trees, shop_fountains,
          gammafunk_ghost_stat_death, amcnicky_mini_pool_medium

Skill      XL: |  1 |
---------------+----+-----
Short Blades   | 2 |  2.4
Fighting       | |  2.9
Armour         | |  0.2
Dodging        | |  1.5
Stealth        | |  6.2

Action                   || total
-------------------------++-------
Melee: Short sword       ||    42
       Bite              ||    13
  Use: Scroll            ||     5
       Potion            ||     2
 Stab: Sleeping          ||     6
Armor: Leather armour    ||     2
       Chain mail        ||     1
Dodge: Dodged            ||    16

Table legend: (Time is in decaauts)
 A = Elapsed time spent in this place.
 B = Non-inter-level travel time spent in this place.
 C = Inter-level travel time spent in this place.
 D = Time resting spent in this place.
 E = Time spent auto-exploring this place.
 F = Levels seen in this place.
 G = Mean time per level.
                   A        B        C        D        E       F      G
               +--------+--------+--------+--------+--------+-----+--------+
         Total |   1575 |   1575 |      0 |    439 |    749 |   3 |  525.0 |
       Dungeon |   1575 |   1575 |      0 |    439 |    749 |   3 |  525.0 |
               +--------+--------+--------+--------+--------+-----+--------+

Top non-repeatable levels by time:
     D:4: 940 daAuts
     D:3: 548 daAuts
     D:5: 86 daAuts
